 Dungeon Crawl Stone Soup version 0.18.1-48-g4cf74bf (webtiles) character file.

532119 septik the Slayer (level 24, -23/214 HPs)
             Began as a Demonspawn Gladiator on July 12, 2016.
             Was the Champion of Okawaru.
             Killed from afar by a lich (57 damage)
             ... with an iron shot
             ... on level 3 of the Depths on July 19, 2016.
             The game lasted 04:51:40 (57865 turns).

septik the Slayer (Demonspawn Gladiator)           Turns: 57865, Time: 04:51:41

Health: -23/214    AC: 52    Str: 19    XL:     24   Next: 99%
Magic:  30/30      EV: 16    Int: 18    God:    Okawaru [******]
Gold:   4544       SH:  0    Dex: 27    Spells: 1 memorised, 21 levels left

rFire  + . .     SeeInvis .     U - +7 triple sword (vamp)
rCold  + . .     Gourm    .     M - +8 crystal plate armour of Card Tricks {-Cast rElec rN+++ Regen+}
rNeg   + + +     Faith    .     (shield currently unavailable)
rPois  .         Spirit   .     (helmet unavailable)
rElec  +         Dismiss  .     q - +0 cloak of the Serpent {Int+7 Slay+5 Stlth-}
rCorr  .         Reflect  .     B - +2 pair of fencer's gloves {LBl+4 SBl+4 EV+3 Dex+6}
SustAt .         Harm     .     w - +2 pair of boots {run}
MR     +....     NoCast   +     r - amulet of regeneration
Stlth  ..........               J - ring "Qiot" {rF+ EV+1}
                                X - +5 ring of protection

@: lethally poisoned (-23 -> -24), quick, somewhat resistant to hostile
enchantments, extremely unstealthy
A: horns 3, talons 1, icy blue scales 3, demonic guardian 3, regeneration 1,
spiny 3
a: Heroism, Finesse, Renounce Religion
}: 2/15 runes: decaying, serpentine


You were on level 3 of the Depths.
You worshipped Okawaru.
Okawaru was exalted by your worship.
You were very full.

You visited 9 branches of the dungeon, and saw 46 of its levels.
You visited the Abyss 4 times.
You visited 1 bazaar.
You also visited: Trove and Ice Cave.

You collected 8648 gold pieces.
You spent 4104 gold pieces at shops.

Inventory:

Hand Weapons
 z - the +4 great sword "Leviticus" {slice, rPois MR+++ Int-3 SInv}
   (Okawaru gifted it to you on level 4 of the Snake Pit)

   It inflicts extra damage upon your enemies.
   It affects your intelligence (-3).
   It protects you from poison.
   It affects your resistance to hostile enchantments.
   It lets you see invisible.
 U - a +7 vampiric triple sword (weapon)
Missiles
 d - 10 throwing nets (quivered)
Armour
 q - the +0 cloak of the Serpent (worn) {Int+7 Slay+5 Stlth-}
   (Okawaru gifted it to you on level 13 of the Dungeon)

   It affects your intelligence (+7).
   It affects your accuracy and damage with ranged weapons and melee attacks
   (+5).
   It makes you less stealthy.
 v - the +2 pair of boots of the Assassin {DetectMon Stab+ Stlth++}
   (You found it in a treasure trove)

   It makes you much more stealthy.
 w - a +2 pair of boots of running (worn)
 B - the +2 pair of fencer's gloves (worn) {LBl+4 SBl+4 EV+3 Dex+6}
   (You found it on level 14 of the Dungeon)

   It affects your evasion (+3).
   It affects your dexterity (+6).
 M - the +8 crystal plate armour of Card Tricks (worn) {-Cast rElec rN+++ Regen+}
   (Okawaru gifted it to you on level 11 of the Dungeon)

   It insulates you from electricity.
   It renders you almost immune to negative energy.
   It prevents spellcasting.
   It increases your rate of regeneration.
 T - a gold dragon hide
Rods
 E - a -1 rod of shadows (11/11)
   (You found it on level 2 of the Elven Halls)
Jewellery
 l - an uncursed ring of protection from fire
 r - an amulet of regeneration (around neck)
 A - an uncursed amulet of dismissal
 J - the ring "Qiot" (right hand) {rF+ EV+1}
   (You found it on level 3 of the Elven Halls)

   [ring of evasion]

   It affects your evasion (+1).
   It protects you from fire.
 Q - an uncursed ring of poison resistance
 R - an uncursed ring of resist corrosion
 X - a +5 ring of protection (left hand)
Wands
 h - a wand of digging (11/24)
 i - a wand of lightning (8/15)
 t - a wand of heal wounds (9/9)
 D - a wand of lightning (7/15)
 G - a wand of heal wounds (5/9)
 H - a wand of disintegration (19/24)
Scrolls
 a - 7 scrolls of remove curse
 n - a scroll of summoning
 o - 8 scrolls of magic mapping
 s - 18 scrolls of teleportation
 y - 6 scrolls of fear
 I - 2 scrolls of identify
 L - a scroll of acquirement
 N - 6 scrolls of blinking
 Z - 4 scrolls of immolation
Potions
 j - 8 potions of flight
 k - 18 potions of curing
 m - 4 potions of haste
 x - 14 potions of heal wounds
 F - a potion of cure mutation
 K - 3 potions of invisibility
 P - 4 potions of resistance
 V - 4 potions of might
 W - 4 potions of ambrosia
 Y - 2 potions of agility
Miscellaneous
 b - a plain deck of wonders {drawn: 2}
 c - a box of beasts
 e - a box of beasts
 g - a fan of gales
 p - a lamp of fire
 u - a phantom mirror
 C - a stone of tremors
 S - a disc of storms
Comestibles
 f - 31 bread rations
 O - 8 chunks of flesh


   Skills:
 + Level 23.2 Fighting
 * Level 19.1(23.1) Long Blades
   Level 14.3 Staves
 - Level 1.7 Throwing
 + Level 19.2 Armour
 - Level 13.0 Dodging
 - Level 8.0 Invocations
 + Level 10.0 Evocations


You had 21 spell levels left.
You knew the following spells:

 Your Spells              Type           Power        Failure   Level  Hunger
a - Slow                  Hex            #.......     100%        2    ###....


Dungeon Overview and Level Annotations

Branches:
Dungeon (15/15)            Temple (0/1) D:5            Lair (8/8) D:11
  Swamp (4/4) Lair:5        Snake (4/4) Lair:5        Slime (0/6) Lair:8
    Orc (2/2) D:10            Elf (3/3) Orc:2        Vaults (4/5) D:13
  Crypt (3/3) Vaults:2       Tomb (0/3) Crypt:3      Depths (3/5) D:15

Altars:
Cheibriados
Dithmenos
Fedhas
Gozag
Makhleb
Nemelex Xobeh
Okawaru
Pakellas
Qazlal
Ru
Sif Muna
Trog
Vehumet
Xom
Yredelemnul
Zin
The Shining One
Beogh
Jiyva

Shops:
D:5 (   D:10 !   D:11 (   Orc:2 %[!:

Portals:
Hell: Lair:8 Depths:1 Depths:2
Pandemonium: Orc:2 Depths:3
Ziggurat: Depths:2

Annotations:
D:7 exclusion: oklob plant
Lair:6 exclusion: oklob plant
Depths:1 exclusion: door
Abyss:1 Maud, Rupert


Innate Abilities, Weirdness & Mutations

You have a pair of large horns on your head.
You are completely covered in icy blue scales (AC +4, EV -1, rC+).
A powerful demonic guardian rushes to your aid.
You are completely covered in sharp spines.
You have sharp toenails.
Your natural rate of healing is unusually fast.


Message History

You feel very sick. The fire dragon breathes flames at you.
The blast of flame hits the Brimstone Fiend.
The Brimstone Fiend completely resists.
The blast of flame hits you!
The tengu warrior shouts!
You hear a shout! x2
Unknown command.
Unknown command.
Unknown command.
Your surroundings suddenly seem different.
You feel sick.
Found 5 needles of confusion and 23 bolts.
A giant orange brain comes into view.
Drink which item? (? for menu, Esc to quit)
Okay, then.
You feel sick.
You feel sick.
You feel sick. The lich casts a spell at you. The iron shot hits you!
You die...

../.QQD#..........#.(....!..
#%...Q##..8.......#.§.8.8.8.
##[%D##...........##..3.....
##i##.§.8.........##...)...
.i.................###.))))
... ...8...........(###C)...
.8 .8.......8.G...##...''##
..........=...##......#
.......@.....##...Q...#
#######........3'#..C....##
##..∩.[##......#Li.....!.##
##.§).[§.##..(###...†....##
#...._....#####..D1..."(##
##..8...8..##..........⌠##
+.....))....'.....i....##
+...8.).8...''.......###
+.............'......##


You could see a lich, a spriggan defender, a giant orange brain and a sun demon.

Vanquished Creatures
  A juggernaut (Depths:2)
  Vashnia (Snake:2)
  5 caustic shrikes
  3 tentacled monstrosities
  A lich (Crypt:3)
  2 titans
  A quicksilver dragon (Depths:3)
  2 deep elf blademasters (Elf:3)
  A tentacled starspawn (Crypt:3)
  3 sphinxes
  A tengu reaver (Vaults:4)
  4 storm dragons
  A thorn hunter (Swamp:3)
  4 shadow dragons
  6 greater nagas (Snake:4)
  3 ancient champions
  A revenant (Crypt:3)
  6 frost giants
  11 vault wardens
  4 fire giants
  An iron dragon (Depths:2)
  6 deep elf sorcerers
  An orc warlord (D:10)
  Donald (Snake:2)
  Aizul (Snake:1)
  2 curse skulls
  2 deep elf elementalists (Elf:3)
  15 ironheart preservers
  The ghost of junkhipster the Blocker, a journeyman GrFi of Cheibriados (Swamp:3)
  2 ghouls (Crypt:3)
  3 very ugly things (Depths:2)
  4 war gargoyles
  2 vampire knights
  5 salamander stormcallers
  2 reapers
  3 spectral titans (Crypt:3)
  10 stone giants
  Azrael (D:12)
  Nessos (Orc:2)
  A lorocyproca (Abyss:3)
  3 deep elf demonologists
  12 deep elf annihilators
  The ghost of atgrul the Nimble, a journeyman DrCj of Sif Muna (Lair:2)
  13 vault guards
  11 eidola
  Snorg (D:11)
  11 jiangshi
  A mummy priest (Crypt:3)
  7 ettins
  6 fire dragons
  11 deep elf death magi
  A quicksilver dragon zombie (Crypt:2)
  A spectral quicksilver dragon (Crypt:3)
  2 great orbs of eyes
  14 yaktaur captains
  4 deep elf high priests
  8 naga warriors
  2 ghost crabs
  5 ice dragons
  4 rakshasas
  An entropy weaver (Depths:2)
  7 centaur warriors
  A spectral fire giant (Crypt:3)
  2 spriggan air magi
  21 hydras
  5 death knights
  8 ogre magi
  11 anacondas
  8 alligators
  A death yak (IceCv)
  25 dancing weapons
  5 deep troll shamans
  5 deep troll earth magi
  9 tengu warriors
  6 shock serpents
  5 orc high priests (Orc:2)
  7 vampire magi
  A spectral dire elephant (Crypt:3)
  21 naga sharpshooters
  6 spriggan berserkers (Depths:3)
  3 sun demons
  24 deep elf knights
  10 thrashing horrors
  A wretched star (Abyss:4)
  Sonja (D:11)
  8 soul eaters
  A spectral catoblepas (Crypt:3)
  7 salamander mystics
  8 shadow wraiths
  A titan skeleton (Crypt:2)
  A spectral ghost moth (Crypt:3)
  31 skeletal warriors
  A spark wasp zombie (Depths:1)
  2 fire crabs
  A fire crab (shapeshifter) (Depths:1)
  A sea snake (shapeshifter) (Depths:2)
  The ghost of pedritolo the Covert, a novice SpEn of Ashenzari (D:12)
  A spriggan druid (Swamp:1)
  A golden dragon zombie (Abyss:3)
  5 unseen horrors
  5 sea snakes
  11 flayed ghosts
  2 anaconda zombies
  A spectral iron dragon (Crypt:3)
  2 shambling mangroves
  7 deep trolls
  A putrid demonspawn (Orc:2)
  13 ironbrand convokers
  6 swamp dragons
  10 naga ritualists
  4 giant orange brains
  3 lindwurms (Snake:4)
  6 necromancers
  A torturous demonspawn (Orc:2)
  An anubis guard (shapeshifter) (Elf:2)
  4 phantasmal warriors
  17 orc knights
  A golden dragon skeleton (Crypt:2)
  A tengu zombie (Depths:1)
  2 harpies (shapeshifter)
  A faun (shapeshifter) (Vaults:3)
  2 hill giants
  11 mana vipers
  A frost giant zombie (Depths:1)
  2 anaconda skeletons (Crypt:2)
  2 wizards
  28 deep elf archers
  A spectral ettin (Crypt:3)
  A fire giant zombie (Crypt:3)
  A shadow dragon zombie (Crypt:3)
  A spectral fire dragon (Crypt:3)
  7 orc sorcerers (Orc:2)
  5 wolf spiders
  8 harpies
  3 iron dragon zombies
  A salamander (shapeshifter) (D:13)
  A wolf spider zombie (Crypt:2)
  2 spectral ice dragons (Crypt:3)
  An oklob plant (Abyss:4)
  77 deep elf magi
  43 ugly things
  A hornet (shapeshifter) (Vaults:3)
  3 hornets
  10 griffons
  2 manticores
  7 cyclopes
  A worldbinder (Abyss:3)
  3 sixfirhies
  3 spectral shock serpents (Crypt:3)
  4 large abominations
  A fire giant skeleton (Depths:2)
  18 elephants
  10 guardian serpents
  47 black mambas
  A centaur zombie (D:12)
  11 salamanders
  9 rust devils
  An octopode (shapeshifter) (Elf:1)
  9 vault sentinels
  4 smoke demons
  24 naga magi
  3 kobold demonologists
  3 orange demons
  20 spiny frogs
  3 rime drakes (Lair:8)
  A spriggan zombie (Depths:2)
  A dire elephant skeleton (Crypt:3)
  2 eyes of devastation (shapeshifter)
  An emperor scorpion zombie (Crypt:2)
  20 freezing wraiths
  A pale draconian zombie (Crypt:2)
  2 ice devils (Lair:8)
  10 komodo dragons
  2 rime drakes (shapeshifter)
  2 hellwings
  A redback zombie (Crypt:2)
  43 yaktaurs
  8 guardian mummies
  6 tengu conjurers
  10 trolls
  A polar bear (shapeshifter) (Elf:1)
  9 polar bears
  A tengu simulacrum (Depths:2)
  6 red devils
  A jumping spider (Depths:2)
  A black draconian skeleton (Crypt:1)
  A queen bee (shapeshifter) (Vaults:1)
  2 boulder beetles
  2 raiju (Abyss:4)
  4 giant leeches
  A merfolk (shapeshifter) (D:13)
  16 two-headed ogres
  A wind drake (shapeshifter) (D:15)
  A death drake skeleton (Crypt:2)
  38 slime creatures
  A harpy skeleton (D:15)
  5 blink frogs (Lair:8)
  8 bog bodies
  2 raiju (shapeshifter)
  An ice dragon zombie (Crypt:2)
  A fire giant simulacrum (Crypt:3)
  2 alligator zombies
  A guardian serpent skeleton (Crypt:3)
  13 shadows
  3 flying skulls (Depths:3)
  A griffon skeleton (Crypt:3)
  5 redbacks
  3 tarantellas (shapeshifter)
  2 wyverns
  8 wraiths
  An elf zombie (Depths:2)
  7 water elementals
  A fire dragon skeleton (Crypt:2)
  7 spriggans
  5 air elementals
  56 yaks
  4 fire bats (Depths:1)
  An ettin skeleton (Crypt:1)
  2 alligator skeletons
  A yak (shapeshifter) (Vaults:2)
  A human (D:10)
  A basilisk (shapeshifter) (Vaults:4)
  12 hippogriffs
  A steam dragon (Lair:5)
  31 vampire mosquitoes
  7 basilisks
  5 fire elementals
  A neqoxec (Abyss:3)
  A mottled dragon (Vaults:2)
  14 insubstantial wisps
  5 wargs
  32 nagas
  2 soldier ants (shapeshifter)
  A spectral snapping turtle (Crypt:3)
  A soldier ant (D:13)
  17 swamp worms
  14 water moccasins
  4 deep troll skeletons
  Duvessa (D:6)
  A hydra simulacrum (Crypt:3)
  A black bear (shapeshifter) (Vaults:3)
  6 hell hounds
  9 porcupines
  10 swamp drakes
  3 ettin simulacra
  A sky beast (D:12)
  4 small abominations
  53 orc warriors
  12 ice beasts
  3 black bears (D:10)
  A spiny frog skeleton (Crypt:3)
  32 wolves
  10 wasps
  24 centaurs
  8 boggarts
  44 ogres
  A human skeleton (Vaults:4)
  3 necrophages
  10 crocodiles
  A swamp dragon skeleton (Crypt:2)
  4 big kobolds
  Blork the orc (D:6)
  An earth elemental (Elf:2)
  3 gnoll sergeants (D:6)
  A wyvern zombie (D:10)
  20 giant frogs
  Dowan (D:6)
  A cyclops zombie (Crypt:2)
  A glowing shapeshifter simulacrum (Vaults:4)
  4 scorpions
  A wyvern skeleton (D:14)
  4 killer bees (D:12)
  18 wights
  4 electric eels
  A howler monkey (D:4)
  6 crimson imps
  A wolf zombie (Crypt:2)
  A giant frog zombie (D:10)
  2 quasits
  4 human simulacra
  A human zombie (Crypt:2)
  24 orc wizards
  4 centaur skeletons
  4 giant frog skeletons
  26 orc priests
  5 hounds
  3 jellies
  An iron imp (Abyss:3)
  11 iguanas
  16 worker ants
  A killer bee zombie (D:9)
  14 sheep
  A deep dwarf skeleton (Crypt:2)
  2 tengu skeletons
  A hound zombie (D:10)
  An ogre skeleton (Crypt:2)
  A howler monkey zombie (D:7)
  2 worker ant zombies
  8 adders
  14 gnolls
  62 river rats
  A shadow imp (D:3)
  An ufetubus (Abyss:4)
  3 oozes
  An adder zombie (D:6)
  An iguana zombie (Crypt:3)
  2 adder skeletons
  A lava snake skeleton (Crypt:1)
  2 dart slugs
  6 giant geckos
  129 orcs
  A ball python (D:1)
  6 bats
  A giant cockroach (D:1)
  8 goblins
  17 hobgoblins
  6 jackals
  34 kobolds
  5 quokkas
  A ball python zombie (Crypt:3)
  4 giant newts
  A hobgoblin skeleton (Crypt:1)
  A quokka skeleton (D:5)
  9 rats
  3 crawling corpses (Elf:2)
  A fungus (Lair:7)
  5 plants
  A starspawn tentacle (Abyss:4)
2258 creatures vanquished.

Vanquished Creatures (collateral kills)
  An ancient lich (Abyss:4)
  A caustic shrike (Depths:3)
  A golden dragon (Depths:3)
  A tentacled monstrosity (Swamp:3)
  A deep elf master archer (Elf:3)
  A tengu reaver (Vaults:3)
  3 revenants
  A greater naga (Snake:4)
  2 vault wardens
  A deep elf sorcerer (Vaults:4)
  A frost giant (Depths:3)
  3 deep elf elementalists
  A deep elf demonologist (Elf:3)
  A deep elf annihilator (Elf:3)
  2 vault guards (Vaults:1)
  3 deep elf death magi
  2 eidola (Crypt:3)
  A great orb of eyes (Vaults:2)
  A naga warrior (Snake:4)
  3 hydras (Swamp:4)
  3 ogre magi
  A centaur warrior (Vaults:2)
  A spectral fire giant (Crypt:3)
  2 dancing weapons
  4 naga sharpshooters
  3 thrashing horrors (Abyss:4)
  A spriggan berserker (Depths:3)
  2 deep elf knights
  A wretched star (Abyss:4)
  3 shadow wraiths
  A large abomination (Abyss:4)
  A spectral catoblepas (Crypt:3)
  A spatial maelstrom (Abyss:4)
  A spriggan druid (Swamp:3)
  A giant orange brain (Vaults:2)
  2 ironbrand convokers
  3 deep elf archers
  A lindwurm (Snake:4)
  6 deep elf magi
  A harpy (Vaults:1)
  A mana viper (Snake:3)
  2 ugly things
  A frost giant zombie (Crypt:2)
  A salamander (Snake:2)
  2 vault sentinels
  A fire giant skeleton (Crypt:3)
  A black mamba (Snake:4)
  A smoke demon (Abyss:4)
  A spiny frog (Lair:8)
  7 yaktaurs
  A rime drake (shapeshifter) (D:15)
  2 trolls
  A harpy zombie (Crypt:2)
  A slime creature (Vaults:2)
  A wind drake (shapeshifter) (D:15)
  A tengu simulacrum (Vaults:3)
  A giant leech (Swamp:4)
  4 two-headed ogres
  A raiju (Abyss:4)
  4 wraiths
  2 yaks
  A vampire mosquito (Swamp:3)
  3 nagas (Snake:4)
  A warg (Vaults:1)
  A hell hound (Depths:3)
  5 swamp drakes
  An orc warrior (D:10)
  3 ogres
  A wolf (Lair:6)
  A giant frog (D:12)
  A scorpion (D:6)
  A centaur skeleton (D:10)
  An orc wizard (Vaults:3)
  A killer bee zombie (Crypt:2)
  A gnoll (D:6)
  An orc (Orc:2)
  2 hobgoblins (D:6)
132 creatures vanquished.

Vanquished Creatures (others)
  A fire giant (Depths:1)
  A frost giant (Depths:1)
  An ironheart preserver (Vaults:4)
  A deep elf knight (Elf:3)
  A spriggan druid (Swamp:4)
  The ghost of MordorOrchid the Nimble, a novice FeCj of Sif Muna (Lair:3)
  2 deep elf magi (Elf:1)
  3 elephants
  A spiny frog (Lair:6)
  2 two-headed ogres (Depths:2)
  A tengu simulacrum (Depths:3)
  2 yaks
  A hippogriff (Lair:5)
  A basilisk (Lair:4)
  A swamp drake (Swamp:1)
  A wasp (Depths:3)
  A boggart (Depths:2)
  A jelly (D:10)
  A fire vortex (Depths:3)
  A fulminant prism (Lair:3)
  14 fungi
  7 lost souls
  12 plants
  10 starspawn tentacles
  128 starspawn tentacle segments
196 creatures vanquished.

Grand Total: 2586 creatures vanquished

Notes
Turn   | Place    | Note
--------------------------------------------------------------
     0 | D:1      | septik the Demonspawn Gladiator began the quest for the Orb.
     0 | D:1      | Reached XP level 1. HP: 16/16 MP: 1/1
    54 | D:1      | Gained mutation: You have a pair of small horns on your head. [demonic ancestry]
    54 | D:1      | Reached XP level 2. HP: 9/22 MP: 2/2
   337 | D:1      | Reached XP level 3. HP: 28/28 MP: 3/3
   544 | D:1      | Reached skill level 1 in Armour
  1226 | D:2      | Found a shadowy altar of Dithmenos.
  1255 | D:2      | Gained mutation: You are partially covered in icy blue scales (AC +1). [demonic ancestry]
  1255 | D:2      | Reached XP level 4. HP: 27/34 MP: 4/4
  2026 | D:3      | Found an opulent altar of Gozag.
  2044 | D:3      | Found a deep blue altar of Sif Muna.
  2066 | D:3      | Found a radiant altar of Vehumet.
  2080 | D:3      | Found a stormy altar of Qazlal.
  2337 | D:3      | Found a sparkling altar of Nemelex Xobeh.
  2392 | D:3      | Reached XP level 5. HP: 40/40 MP: 5/5
  2434 | D:3      | Reached skill level 3 in Fighting
  2688 | D:3      | Found an iron altar of Okawaru.
  2705 | D:3      | Became a worshipper of Warmaster Okawaru
  3023 | D:4      | Got a bloodstained robe
  3034 | D:4      | Identified the +2 robe of Defence {rF+ Int+4 Dex+4} (You found it on level 4 of the Dungeon)
  3094 | D:4      | Gained mutation: You have a pair of horns on your head. [demonic ancestry]
  3094 | D:4      | Reached XP level 6. HP: 47/47 MP: 6/6
  3970 | D:4      | Reached * piety under Okawaru
  3985 | D:4      | Reached skill level 5 in Staves
  3985 | D:4      | Gained mutation: A weak demonic guardian rushes to your aid. [demonic ancestry]
  3985 | D:4      | Reached XP level 7. HP: 32/53 MP: 4/7
  4081 | D:5      | Entered Level 5 of the Dungeon
  4328 | D:5      | Found a staircase to the Ecumenical Temple.
  4575 | D:5      | Reached skill level 4 in Fighting
  4678 | D:5      | Found Guh Beoli's Antique Weapon Boutique.
  4681 | D:5      | Bought a runed quarterstaff for 88 gold pieces
  5058 | D:6      | Found a sacrificial altar of Ru.
  5147 | D:6      | Noticed Duvessa
  5182 | D:6      | Killed Duvessa
  5194 | D:6      | Noticed Blork the orc
  5216 | D:6      | Killed Blork the orc
  5216 | D:6      | Reached ** piety under Okawaru
  5216 | D:6      | Gained mutation: You are partially covered in sharp spines. [demonic ancestry]
  5216 | D:6      | Reached XP level 8. HP: 45/61 MP: 8/8
  5229 | D:6      | Found a basalt altar of Yredelemnul.
  5240 | D:6      | Noticed Dowan
  5254 | D:6      | Killed Dowan
  5519 | D:6      | Reached skill level 5 in Fighting
  5706 | D:6      | Reached skill level 5 in Dodging
  5777 | D:6      | Reached *** piety under Okawaru
  5895 | D:6      | Found a sparkling altar of Nemelex Xobeh.
  6092 | D:6      | Gained mutation: You are mostly covered in sharp spines. [demonic ancestry]
  6092 | D:6      | Reached XP level 9. HP: 48/68 MP: 9/9
  6448 | D:7      | Received a gift from Okawaru
  6989 | D:7      | Found a blossoming altar of Fedhas.
  7005 | D:7      | Noticed an oklob plant
  7151 | D:7      | Reached skill level 5 in Armour
  7641 | D:8      | Reached skill level 6 in Fighting
  7696 | D:8      | Found a shadowy altar of Dithmenos.
  8457 | D:9      | Reached **** piety under Okawaru
  9007 | D:9      | Found a glowing silver altar of Zin.
  9060 | D:9      | Noticed a troll
  9065 | D:9      | Killed a troll
  9311 | D:10     | Entered Level 10 of the Dungeon
  9337 | D:9      | Reached XP level 10. HP: 38/76 MP: 10/10
  9572 | D:10     | Reached ***** piety under Okawaru
  9589 | D:10     | Reached skill level 7 in Fighting
  9696 | D:10     | Found Cifeul's Distillery.
  9780 | D:10     | Bought a potion of heal wounds for 55 gold pieces
  9780 | D:10     | Bought a potion of haste for 110 gold pieces
  9780 | D:10     | Bought a potion of heal wounds for 55 gold pieces
  9780 | D:10     | Bought a potion of haste for 110 gold pieces
  9780 | D:10     | Bought a potion of heal wounds for 55 gold pieces
  9817 | D:10     | Found an oddly glowing altar of Pakellas.
 10005 | D:10     | Found a staircase to the Orcish Mines.
 10112 | D:10     | Reached skill level 10 in Staves
 10557 | D:10     | Received a gift from Okawaru
 10804 | D:11     | Found a staircase to the Lair.
 10884 | D:11     | Noticed a white ugly thing
 10900 | D:11     | Killed a white ugly thing
 10900 | D:11     | Reached XP level 11. HP: 44/83 MP: 11/11
 11092 | D:11     | Noticed Snorg
 11111 | D:11     | Killed Snorg
 11249 | D:11     | Found a basalt altar of Yredelemnul.
 11267 | D:11     | Killed an unseen horror
 11267 | D:11     | Reached ****** piety under Okawaru
 11350 | D:11     | Reached skill level 8 in Fighting
 11436 | D:11     | Noticed Sonja
 11484 | D:11     | Received a gift from Okawaru
 11485 | D:11     | Got an ichor-stained crystal plate armour {god gift}
 11496 | D:11     | Identified the +8 crystal plate armour of Card Tricks {-Cast rElec rN+++ Regen+} (Okawaru gifted it to you on level 11 of the Dungeon)
 11728 | D:11     | Found Tiaty's Antique Weapon Emporium.
 11780 | D:11     | Killed Sonja
 12083 | Lair:1   | Entered Level 1 of the Lair of Beasts
 12256 | Lair:1   | Noticed a seven-headed hydra
 12261 | Lair:1   | Killed a seven-headed hydra
 13112 | Lair:2   | Noticed atgrul's ghost (journeyman DrCj)
 13166 | Lair:2   | Killed atgrul's ghost
 13166 | Lair:2   | Reached skill level 9 in Fighting
 13166 | Lair:2   | Reached XP level 12. HP: 95/95 MP: 4/12
 13898 | Lair:3   | Received a gift from Okawaru
 13965 | Lair:3   | Noticed Maud
 13975 | Lair:3   | Banished Maud
 14082 | Lair:3   | Noticed MordorOrchid's ghost (novice FeCj)
 14089 | Lair:3   | Killed MordorOrchid's ghost
 14393 | Lair:4   | Noticed Rupert
 14405 | Lair:4   | Banished Rupert
 15171 | Lair:5   | Reached skill level 10 in Armour
 15332 | Lair:5   | Found a staircase to the Snake Pit.
 15336 | Lair:5   | Got an obsidian-encrusted scale mail
 15425 | Lair:5   | Reached skill level 10 in Fighting
 15545 | Lair:5   | Received a gift from Okawaru
 15545 | Lair:5   | Gained mutation: You have a pair of large horns on your head. [demonic ancestry]
 15545 | Lair:5   | Reached XP level 13. HP: 100/103 MP: 13/13
 15548 | Lair:5   | Got a pair of slimy boots {god gift}
 15559 | Lair:5   | Identified the +0 pair of boots of the Lily {-Tele rElec MR++ Str+2} (Okawaru gifted it to you on level 5 of the Lair of Beasts)
 15784 | Lair:5   | Found a staircase to the Swamp.
 16882 | Lair:7   | Cast into level 2 of the Abyss (a distortion unwield)
 17017 | Abyss:2  | Noticed a green draconian
 17021 | Abyss:2  | Found a corrupted altar of Lugonu.
 17051 | Abyss:2  | Noticed a hellephant
 17137 | Abyss:2  | Noticed a tentacled starspawn
 17153 | Lair:7   | Escaped the Abyss
 17614 | Lair:7   | Received a gift from Okawaru
 17864 | Lair:7   | Identified the cursed +0 scale mail of Onujus {rC- Regen+ Int+4 Stlth+} (You found it on level 5 of the Lair of Beasts)
 17885 | Lair:8   | Entered Level 8 of the Lair of Beasts
 17903 | Lair:8   | Found a staircase to the Slime Pits.
 17903 | Lair:8   | Found a viscous altar of Jiyva.
 18397 | Lair:8   | Reached skill level 11 in Fighting
 18425 | Lair:8   | Reached XP level 14. HP: 113/113 MP: 14/14
 18518 | Lair:8   | Found a burning altar of Makhleb.
 18629 | Lair:8   | Received a gift from Okawaru
 18758 | Lair:8   | Got an encrusted longbow {god gift}
 18759 | Lair:8   | Identified the +1 longbow of Coruis {velocity, Dex+6} (Okawaru gifted it to you on level 8 of the Lair of Beasts)
 18869 | Lair:8   | Found a gateway to Hell.
 19501 | D:12     | Noticed pedritolo's ghost (novice SpEn)
 19522 | D:12     | Killed pedritolo's ghost
 19551 | D:12     | Noticed Azrael
 19572 | D:12     | Killed Azrael
 20475 | Orc:1    | Entered Level 1 of the Orcish Mines
 20615 | Orc:1    | Noticed an orc warlord
 20671 | D:10     | Killed an orc warlord
 20671 | D:10     | Received a gift from Okawaru
 20700 | Orc:1    | Reached skill level 10 in Dodging
 21096 | Orc:1    | Found a roughly hewn altar of Beogh.
 21218 | Orc:2    | Entered Level 2 of the Orcish Mines
 21313 | Orc:2    | Found a roughly hewn altar of Beogh.
 21344 | Orc:2    | Found Uclabed's Food Emporium.
 21347 | Orc:2    | Found Gerchovi's Distillery.
 21680 | Orc:2    | Noticed Nessos
 21707 | Orc:2    | Found a staircase to the Elven Halls.
 21717 | Orc:2    | Killed Nessos
 21912 | Orc:2    | Found a roughly hewn altar of Beogh.
 22127 | Orc:2    | Bought a potion of curing for 36 gold pieces
 22127 | Orc:2    | Bought a potion of curing for 36 gold pieces
 22127 | Orc:2    | Bought a potion of magic for 96 gold pieces
 22127 | Orc:2    | Bought a potion of curing for 36 gold pieces
 22127 | Orc:2    | Bought a potion of experience for 600 gold pieces
 22127 | Orc:2    | Bought a potion of heal wounds for 60 gold pieces
 22127 | Orc:2    | Bought a potion of ambrosia for 96 gold pieces
 22441 | Orc:2    | Received a gift from Okawaru
 22479 | Orc:2    | Reached skill level 12 in Fighting
 22644 | Orc:2    | Found Plog's Book Boutique.
 22644 | Orc:2    | Found Zumm's Antique Armour Shop.
 22645 | Orc:2    | Found a one-way gate leading to the halls of Pandemonium.
 22654 | Orc:2    | Gained mutation: You are mostly covered in icy blue scales (AC +3, EV -1). [demonic ancestry]
 22654 | Orc:2    | Reached XP level 15. HP: 116/120 MP: 15/15
 23256 | D:13     | Found a frozen archway.
 23280 | IceCv    | Entered an ice cave
 24130 | D:13     | Found a gate to the Vaults.
 24217 | D:13     | Received a gift from Okawaru
 24284 | D:13     | Got a twisted cloak {god gift}
 24295 | D:13     | Identified the +0 cloak of the Serpent {Int+7 Slay+5 Stlth-} (Okawaru gifted it to you on level 13 of the Dungeon)
 24869 | D:14     | Reached skill level 13 in Fighting
 25277 | D:14     | Found a glowing silver altar of Zin.
 25433 | D:11     | Bought a transparent great sword for 310 gold pieces
 25436 | D:11     | Identified the +4 great sword of Slow Death {slice, Dex+2} (You bought it in a shop on level 11 of the Dungeon)
 25439 | D:11     | Gained mutation: A demonic guardian rushes to your aid. [demonic ancestry]
 25439 | D:11     | Reached XP level 16. HP: 131/131 MP: 16/16
 25622 | D:14     | Reached skill level 5 in Long Blades
 25691 | D:15     | Entered Level 15 of the Dungeon
 25759 | D:15     | Found a deep blue altar of Sif Muna.
 25775 | D:15     | Learned a level 2 spell: Slow
 25965 | D:15     | Found a staircase to the Depths.
 26156 | D:15     | Received a gift from Okawaru
 26633 | Swamp:1  | Entered Level 1 of the Swamp
 26805 | Swamp:1  | Gained mutation: You are completely covered in icy blue scales (AC +4, EV -1, rC+). [demonic ancestry]
 26805 | Swamp:1  | Reached XP level 17. HP: 137/137 MP: 17/17
 27538 | Swamp:2  | Found a bloodstained altar of Trog.
 28587 | Swamp:3  | Noticed junkhipster's ghost (journeyman GrFi)
 28604 | Swamp:3  | Killed junkhipster's ghost
 28678 | Swamp:3  | Reached skill level 10 in Long Blades
 29189 | Swamp:3  | Got a bloodstained short sword
 29190 | Swamp:3  | Identified the +7 short sword "Bitoqyle" {flame, rC++} (You found it on level 3 of the Swamp)
 29786 | Swamp:3  | Noticed a tentacled monstrosity
 29793 | Swamp:3  | Killed a tentacled monstrosity
 29793 | Swamp:3  | Received a gift from Okawaru
 29900 | Swamp:4  | Entered Level 4 of the Swamp
 30648 | Swamp:4  | Received a gift from Okawaru
 30696 | Swamp:4  | Got a decaying rune of Zot
 30943 | Lair:1   | Identified a +2 pair of boots of running (Okawaru gifted it to you on level 4 of the Swamp)
 31061 | Snake:1  | Entered Level 1 of the Snake Pit
 31123 | Snake:1  | Reached skill level 14 in Fighting
 31176 | Snake:1  | Reached skill level 1 in Invocations
 31564 | Snake:1  | Noticed Aizul
 31582 | Snake:1  | Killed Aizul
 32083 | Snake:2  | Reached XP level 18. HP: 147/147 MP: 20/20
 32254 | Snake:2  | Noticed Vashnia
 32259 | Snake:2  | Noticed Donald
 32591 | Snake:2  | Killed Donald
 32673 | Snake:2  | Killed Vashnia
 32682 | Snake:2  | Reached skill level 5 in Invocations
 33086 | Snake:2  | Found Muetacw's General Store.
 33229 | Snake:2  | Reached skill level 15 in Fighting
 33798 | Snake:3  | Received a gift from Okawaru
 34231 | Snake:3  | Found an opulent altar of Gozag.
 34304 | Snake:2  | You fall through a shaft!
 34576 | Vaults:1 | Entered Level 1 of the Vaults
 34660 | Vaults:1 | Identified a scroll of acquirement
 34857 | Vaults:1 | Reached skill level 16 in Fighting
 35291 | Vaults:1 | Received a gift from Okawaru
 35749 | Vaults:1 | Reached XP level 19. HP: 159/159 MP: 25/25
 36145 | Vaults:2 | Reached skill level 15 in Armour
 36258 | Vaults:2 | Reached skill level 17 in Fighting
 36269 | Vaults:2 | Found a snail-covered altar of Cheibriados.
 36450 | Vaults:2 | Found a staircase to the Crypt.
 36679 | Vaults:2 | Received a gift from Okawaru
 37759 | Vaults:3 | Reached skill level 18 in Fighting
 38162 | Vaults:3 | Found a portal to a secret trove of treasure.
 38222 | Vaults:3 | Received a gift from Okawaru
 38311 | Vaults:3 | Received a gift from Okawaru
 38311 | Vaults:3 | Gained mutation: A powerful demonic guardian rushes to your aid. [demonic ancestry]
 38311 | Vaults:3 | Reached XP level 20. HP: 41/171 MP: 20/26
 39174 | Vaults:4 | Received a gift from Okawaru
 39399 | Vaults:4 | Reached skill level 19 in Fighting
 40335 | Vaults:4 | Received a gift from Okawaru
 41572 | Snake:4  | Entered Level 4 of the Snake Pit
 42137 | Snake:4  | Reached XP level 21. HP: 179/182 MP: 27/27
 42248 | Snake:4  | Reached skill level 20 in Fighting
 42434 | Snake:4  | Found a glowing golden altar of the Shining One.
 42699 | Snake:4  | Received a gift from Okawaru
 42774 | Snake:4  | Got a faintly glowing great sword {god gift}
 42775 | Snake:4  | Identified the +4 great sword "Leviticus" {slice, rPois MR+++ Int-3 SInv} (Okawaru gifted it to you on level 4 of the Snake Pit)
 43328 | Snake:4  | Received a gift from Okawaru
 43595 | Snake:4  | Got a serpentine rune of Zot
 44173 | Elf:1    | Entered Level 1 of the Elven Halls
 44989 | Elf:1    | Received a gift from Okawaru
 45324 | Elf:2    | Found a runed gate.
 45326 | Elf:2    | Found a runed gate.
 45326 | Elf:2    | Found a runed gate.
 45396 | Elf:2    | Reached skill level 21 in Fighting
 45591 | Elf:2    | Identified a -1 rod of shadows (11/11) (You found it on level 2 of the Elven Halls)
 45867 | Elf:2    | Cast into level 3 of the Abyss (trident of distortion)
 45867 | Abyss:3  | Found a corrupted altar of Lugonu.
 45873 | Abyss:3  | Found a corrupted altar of Lugonu.
 46112 | Abyss:3  | Found a sacrificial altar of Ru.
 46210 | Abyss:4  | Reached XP level 22. HP: 187/194 MP: 28/28
 46247 | Abyss:4  | Reached skill level 15 in Long Blades
 46275 | Abyss:4  | Noticed an ancient lich
 46310 | Abyss:4  | Killed an ancient lich
 46382 | Elf:2    | Escaped the Abyss
 47194 | Crypt:1  | Entered Level 1 of the Crypt
 47590 | Crypt:1  | Reached skill level 1 in Evocations
 48319 | Crypt:2  | Received a gift from Okawaru
 48437 | Crypt:2  | Found a shimmering altar of Xom.
 48697 | Crypt:2  | Identified Jiralan's Compendium of Necromancy (You found it on level 2 of the Crypt)
 48792 | Crypt:3  | Entered Level 3 of the Crypt
 48916 | Crypt:3  | Cast into level 4 of the Abyss (a lich)
 48916 | Abyss:4  | Found a corrupted altar of Lugonu.
 48977 | Crypt:3  | Escaped the Abyss
 49312 | Crypt:3  | Reached skill level 22 in Fighting
 49740 | Crypt:3  | Received a gift from Okawaru
 49896 | Crypt:3  | Gained mutation: You are completely covered in sharp spines. [demonic ancestry]
 49896 | Crypt:3  | Reached XP level 23. HP: 202/203 MP: 29/29
 49978 | Crypt:3  | Reached skill level 5 in Evocations
 50603 | Crypt:3  | Identified the Handbook of Dark Secrets (You found it on level 3 of the Crypt)
 50606 | Crypt:3  | Identified Sif Muna's Guide on Icy Execration
 50821 | Crypt:3  | Found a staircase to the Tomb.
 51246 | Elf:3    | Entered Level 3 of the Elven Halls
 52150 | Elf:3    | Received a gift from Okawaru
 52196 | Elf:3    | Cast into level 3 of the Abyss (a deep elf sorcerer)
 52232 | Elf:3    | Escaped the Abyss
 52368 | Elf:3    | Received a gift from Okawaru
 52497 | Elf:3    | Got a flickering platinum ring
 52499 | Elf:3    | Identified the ring "Qiot" {rF+ EV+1} (You found it on level 3 of the Elven Halls)
 52600 | Elf:3    | Identified the Guide on the Entourage and the Voyage
 52629 | Elf:3    | Gained mutation: Your natural rate of healing is unusually fast. [potion of beneficial mutation]
 52876 | Elf:3    | Got a slimy whip
 52877 | Elf:3    | Identified the cursed +2 whip "Defibb" {slash, rElec} (You found it on level 3 of the Elven Halls)
 52889 | Elf:3    | Got a transparent ring mail
 52900 | Elf:3    | Identified the +0 ring mail of Freedom {rElec} (You found it on level 3 of the Elven Halls)
 53413 | Depths:1 | Entered Level 1 of the Depths
 53507 | Depths:1 | Received a gift from Okawaru
 53784 | Depths:1 | Found a runed door.
 54157 | Depths:1 | Reached XP level 24. HP: 198/212 MP: 29/29
 54333 | Depths:2 | Received a gift from Okawaru
 54350 | Depths:2 | Found a gateway to a ziggurat.
 54432 | Depths:2 | Found a flickering gateway to a bazaar.
 54441 | Bazaar   | Entered a bazaar
 54455 | Bazaar   | Found Byon's Jewellery Shoppe.
 54460 | Bazaar   | Bought an uncursed amulet of dismissal for 270 gold pieces
 54472 | Bazaar   | Found Ofaul's Weapon Emporium.
 54487 | Bazaar   | Found Pouman's Antique Armour Emporium.
 54491 | Bazaar   | Bought a pair of embroidered boots for 76 gold pieces
 54491 | Bazaar   | Bought a heavily runed ice dragon armour for 1105 gold pieces
 54502 | Bazaar   | Found Ugockaom's General Store.
 54502 | Bazaar   | Found Lirew's Magic Scroll Shoppe.
 54507 | Bazaar   | Bought a scroll of identify for 22 gold pieces
 54507 | Bazaar   | Bought a scroll of acquirement for 572 gold pieces
 54507 | Bazaar   | Bought a scroll of enchant armour for 82 gold pieces
 54513 | Bazaar   | Bought a throwing net for 27 gold pieces
 54513 | Bazaar   | Bought a box of beasts for 180 gold pieces
 54513 | Bazaar   | Bought a scroll of remove curse for 27 gold pieces
 54927 | Vaults:3 | You paid a toll of a +5 fire dragon armour to enter a treasure trove
 54928 | Trove    | Entered a treasure trove
 54970 | Trove    | Gained mutation: You have sharp toenails. [potion of beneficial mutation]
 55082 | Vaults:2 | Identified the +4 ice dragon armour of Othroohemm {rF- rC++ rCorr MP+9 Dex+6 Slay-3} (You bought it in a shop in a bazaar)
 55892 | Depths:2 | Noticed a juggernaut
 55899 | Depths:2 | Killed a juggernaut
 56508 | Depths:2 | Received a gift from Okawaru
 57117 | Depths:3 | Found a radiant altar of Vehumet.
 57129 | Depths:3 | Reached skill level 23 in Fighting
 57158 | Depths:3 | Got a warped scale mail
 57169 | Depths:3 | Identified the cursed +1 scale mail of Kikubaaqudgha's Favour {Int+7} (You found it on level 3 of the Depths)
 57387 | Depths:3 | Found a sparkling altar of Nemelex Xobeh.
 57795 | Depths:3 | Received a gift from Okawaru
 57818 | Depths:3 | Reached skill level 10 in Evocations
 57865 | Depths:3 | Killed from afar by a lich

Skill      XL: |  1  2  3  4  5  6  7  8  9 10 11 12 13 14 15 16 17 18 19 20 21 22 23 24 |
---------------+-------------------------------------------------------------------------+-----
Staves         | 3 4 5 6 7 9 10 11 13 14 | 14.3
Armour         | 1 2 3 4 5 6 8 10 11 12 13 14 15 16 17 18 19 | 19.2
Dodging        | 3 4 5 6 7 8 11 12 13 | 13.0
Fighting       | 3 4 5 6 7 9 10 11 12 13 14 16 18 19 21 22 23 | 23.2
Long Blades    | 4 7 11 12 13 14 16 17 19 | 19.1
Invocations    | 3 8 |  8.0
Evocations     | 4 7 10 | 10.0
Throwing       | |  1.7

Action                   |  1- 3 |  4- 6 |  7- 9 | 10-12 | 13-15 | 16-18 | 19-21 | 22-24 || total
-------------------------+-------+-------+-------+-------+-------+-------+-------+-------++-------
Melee: Quarterstaff      |   105 |   157 |   345 |   546 |    42 |       |       |       ||  1195
       Headbutt          |    11 |    36 |    82 |   174 |   328 |   356 |   530 |   677 ||  2194
       Lajatang          |       |       |       |   133 |  1228 |       |       |       ||  1361
       Demon trident     |       |       |       |       |     6 |    62 |       |       ||    68
       Great sword       |       |       |       |       |       |   928 |  1554 |   110 ||  2592
       Short sword       |       |       |       |       |       |    48 |       |       ||    48
       Punch             |       |       |       |       |       |     1 |       |       ||     1
       Triple sword      |       |       |       |       |       |       |       |  1675 ||  1675
Throw: Throwing net      |     1 |       |       |     9 |       |       |       |       ||    10
       Stone             |       |    21 |    46 |     5 |       |     5 |       |       ||    77
Invok: Heroism           |       |     1 |       |     7 |     8 |     6 |     3 |     2 ||    27
       Finesse           |       |       |       |     5 |     2 |     5 |     3 |     1 ||    16
Evoke: Wand              |       |       |       |       |       |       |     1 |     8 ||     9
       Deck              |       |       |       |       |       |       |       |     2 ||     2
       Fan of gales      |       |       |       |       |       |       |       |     1 ||     1
       Lamp of fire      |       |       |       |       |       |       |       |     1 ||     1
  Use: Scroll            |       |       |    14 |    15 |     8 |    11 |     4 |    23 ||    75
       Potion            |       |       |       |     1 |     4 |     6 |     3 |     2 ||    16
 Stab: Sleeping          |       |     2 |     2 |       |       |       |       |       ||     4
       Distracted        |       |       |     1 |     3 |     8 |     3 |    15 |     9 ||    39
  Eat: Chunk             |     1 |     9 |    14 |    21 |    32 |    16 |     9 |     4 ||   106
       Royal jelly       |       |       |     1 |       |       |       |       |       ||     1
       Fruit             |       |       |       |     1 |       |     4 |     3 |     3 ||    11
       Pizza             |       |       |       |       |     1 |       |     2 |       ||     3
       Meat ration       |       |       |       |       |       |     2 |     3 |     8 ||    13
       Beef jerky        |       |       |       |       |       |     1 |     2 |     1 ||     4
       Bread ration      |       |       |       |       |       |     1 |     1 |     3 ||     5
Armor: Leather armour    |    24 |    22 |       |       |       |       |       |       ||    46
       Robe              |       |    15 |    57 |       |       |       |       |       ||    72
       Chain mail        |       |       |    45 |    45 |       |       |       |       ||    90
       Crystal plate arm |       |       |       |   245 |  1062 |   808 |  1216 |  1838 ||  5169
       Troll leather arm |       |       |       |    16 |       |       |       |       ||    16
       Plate armour      |       |       |       |       |       |    61 |     5 |       ||    66
       Skin              |       |       |       |       |       |       |     1 |       ||     1
Dodge: Dodged            |    82 |   118 |   173 |   182 |   385 |   598 |   781 |  1327 ||  3646
Block: Other             |       |       |       |       |       |       |    33 |   252 ||   285
       Reflection        |       |       |       |       |       |       |     4 |    12 ||    16
